 Dungeon Crawl Stone Soup version 0.27.0-1-g7a089689b8 (webtiles) character file.

Game seed: 17324781554116662799

5499 Malachi the Covert (level 10, -10/51 (53) HPs)
             Began as a Vine Stalker Monk on Aug 15, 2021.
             Was a High Priest of Nemelex Xobeh.
             Mangled by a small abomination (17 damage)
             ... on level 9 of the Dungeon.
             The game lasted 00:23:15 (8379 turns).

Malachi the Covert (Vine Stalker Monk)              Turns: 8379, Time: 00:23:16

HP:   -10/51 (53)   AC:  8    Str: 15    XL:     10   Next: 70%
MP:   0/11          EV: 15    Int: 10    God:    Nemelex Xobeh [*****.]
Gold: 714           SH:  0    Dex: 21    Spells: 9/9 levels left

rFire    + + +     SeeInvis .   d - +4 quick blade
rCold    . . .     Faith    .   (no shield)
rNeg     . . .     Spirit   +   h - +2 steam dragon scales
rPois    .         Reflect  .   q - +0 helmet
rElec    .         Harm     .   (no cloak)
rCorr    .         Rampage  .   (no gloves)
Will     +....                  (no boots)
Stlth    +++++.....             j - amulet of Incredulity {Acrobat Fly rF+ rC- Dex+4}
HPRegen  1.17/turn              l - ring of protection from fire
MPRegen  0.12/turn              s - ring of Emitiol {rF+ rC+}

@: flying, lightly drained
A: fangs 3, regeneration 1, magic shield, antimagic bite, no potion heal 2,
hooves 1, clumsy 1
a: Renounce Religion, Draw Escape, Draw Destruction, Draw Summoning, Triple
Draw, Deal Four, Stack Five


You were on level 9 of the Dungeon.
You worshipped Nemelex Xobeh.
Nemelex Xobeh was extremely pleased with you.
You visited 1 branch of the dungeon, and saw 9 of its levels.
You visited the Abyss 2 times.

You collected 714 gold pieces.

Inventory:

Hand Weapons
 b - the +8 longbow "Zephyr" {speed, Dex+3 SInv}
   (You acquired it on level 2 of the Dungeon)

   Attacks with this weapon are significantly faster.
   Dex:       It affects your dexterity (+3).
   SInv:      It lets you see invisible.
 d - a +4 quick blade (weapon)
 i - a +2 dagger of flaming
Missiles
 f - 133 arrows
 g - a throwing net (quivered)
Armour
 e - a +0 buckler
 h - +2 steam dragon scales (worn)
 q - a +0 helmet (worn)
Jewellery
 j - the amulet of Incredulity (around neck) {Acrobat Fly rF+ rC- Dex+4}
   (You acquired it on level 7 of the Dungeon)

   [amulet of the acrobat]

   It increases your evasion while moving and waiting.
   Dex:       It affects your dexterity (+4).
   rF:        It protects you from fire.
   rC:        It makes you vulnerable to cold.
   Fly:       It grants you flight.
 l - a ring of protection from fire (left hand)
 r - an amulet of magic regeneration
 s - the ring of Emitiol (right hand) {rF+ rC+}
   (You found it on level 8 of the Dungeon)

   [ring of protection from fire]

   rF:        It protects you from fire.
   rC:        It protects you from cold.
Scrolls
 n - a scroll of vulnerability
Potions
 a - a potion of flight
 c - 2 potions of curing
 k - 5 potions of brilliance
 m - a potion of cancellation
 p - 3 potions of berserk rage


   Skills:
 + Level 6.9 Fighting
 + Level 8.3 Short Blades
 + Level 3.7 Bows
 + Level 5.3 Dodging
 * Level 9.7 Stealth
 - Level 1.6 Shields
 + Level 3.6 Unarmed Combat


You had 9 spell levels left.
You didn't know any spells.
Your spell library contained the following spells:

 Spells                   Type           Power      Damage    Failure   Level
 Beastly Appendage        Tmut           0%         N/A       36%         1
 Passwall                 Tmut/Erth      0%         N/A       50%         2
 Wereblood                Tmut           0%         N/A       50%         2
 Conjure Flame            Conj/Fire      0%         6-21      75%         3
 Gell's Gravitas          Tloc           0%         N/A       75%         3
 Ignite Poison            Fire/Tmut/Pois 0%         N/A       75%         3
 Spider Form              Tmut/Pois      0%         N/A       75%         3
 Swiftness                Air            0%         N/A       75%         3
 Teleport Other           Tloc           0%         N/A       75%         3
 Sticky Flame             Conj/Fire      0%         2d3       98%         4
 Iskenderun's Battlesphe  Conj           0%         2d6       100%        5
 Dispersal                Tloc           0%         N/A       100%        6
 Invisibility             Hex            0%         N/A       100%        6
 Iron Shot                Conj/Erth      0%         9d1       100%        6
 Spellforged Servitor     Conj/Summ      0%         N/A       100%        7


Dungeon Overview and Level Annotations

Branches:
Dungeon (9/15)             Temple (0/1) D:4            Lair (0/6) D:9
    Orc: D:9-12

Altars:
Cheibriados
Hepliaklqana
Nemelex Xobeh
Okawaru
Xom

Shops:
D:2 ?   D:5 *:=!:


Innate Abilities, Weirdness & Mutations

You have razor-sharp teeth.
Your natural rate of healing is unusually fast.
When hurt, damage is shared between your health and your magic reserves.
Your bite disrupts and absorbs the magic of your enemies.
Potions cannot restore your health.
You have large cloven feet.
You are clumsy. (Dex -2)


Message History

The bolt of negative energy misses you.
The small abomination completely misses you.
A chorus of shrieks assaults your mind.
The small abomination closely misses you.
A chorus of shrieks assaults your mind.
The small abomination completely misses you.
The starcursed mass shrieks in your mind.
The small abomination completely misses you.
Found a scroll of identify.
Found a gateway leading out of the Abyss.
A thrashing horror comes into view.
The small abomination hits you.
The small abomination completely misses you.
There is a gateway leading out of the Abyss here.
The small abomination hits you but does no damage.
You pass through the gate.
Welcome back to the Dungeon!
The gnoll hits you from afar with a +0 spear.
The gnoll sergeant hits you from afar with a +2 spear of distortion!
Space bends around you.
* * * LOW HITPOINT WARNING * * *
The gnoll hits you but does no damage. The gnoll sergeant misses you.
The basilisk barely misses you.
There is a stone staircase leading up here.
As you read the scroll of fog, it crumbles to dust.
The scroll dissolves into smoke.
The small abomination misses you. The gnoll closely misses you.
The gnoll sergeant hits you from afar with a +2 spear of distortion.
* * * LOW HITPOINT WARNING * * *
Space bends around you.
* * * LOW HITPOINT WARNING * * *
The basilisk gazes at you.
You easily resist.
As you read the scroll of fear, it crumbles to dust.
You assume a fearsome visage.
The basilisk looks frightened!
The small abomination is unaffected.
The basilisk looks frightened!
The gnoll sergeant looks frightened!
The gnoll looks frightened!
The small abomination hits you!!
You die...
Your body glows with a rainbow of weird colours and disappears.

#.........# #.........#
###########
#.........#####..........
###..<......g§lgl.#########
#......>.....(#######
#####..(...)..# #.....§§g§#
#..<..§llx# ##..[.§§@##
##...g§## #######


You could see 2 basilisks, a small abomination, a gnoll sergeant (fleeing) and a
gnoll (fleeing).

Vanquished Creatures
  3 centaur zombies
  A blink frog (D:6)
  7 yaks
  A vampire mosquito (D:7)
  A steam dragon (D:7)
  An acid dragon (D:8)
  3 water moccasins (D:8)
  Duvessa (D:6)
  An ice beast (D:6)
  5 orc warriors
  A sky beast (D:6)
  A necrophage (D:8)
  2 centaurs
  4 kobold brigands
  2 bullfrogs
  A gnoll sergeant (D:9)
  Dowan (D:6)
  A water moccasin zombie (D:5)
  A wyvern skeleton (D:6)
  A water moccasin skeleton (D:5)
  5 wights (D:8)
  2 howler monkeys
  4 orc priests
  A centaur skeleton (D:5)
  A jelly (D:7)
  A gnoll shaman (D:8)
  2 hounds
  4 iguanas
  A bullfrog skeleton (D:6)
  Terence (D:3)
  6 orc wizards
  A killer bee zombie (D:8)
  A howler monkey zombie (D:8)
  17 gnolls
  12 adders
  3 shadow imps
  3 white imps (D:6)
  2 adder skeletons (D:4)
  3 worms (D:2)
  The ghost of anet the Covert, a weakling GnDe (D:5)
  3 dart slugs
  23 orcs
  8 ball pythons
  13 endoplasms
  4 giant cockroaches
  6 hobgoblins
  4 jackals (D:1)
  5 quokkas
  2 frilled lizards
  5 goblins
  23 kobolds
  4 rats
210 creatures vanquished.

Vanquished Creatures (collateral kills)
  An elephant (D:8)
  An orc priest (D:7)
  2 orcs (D:7)
4 creatures vanquished.

Vanquished Creatures (others)
  4 plants (D:1)
  5 starspawn tentacles (Abyss:1)
9 creatures vanquished.

Grand Total: 223 creatures vanquished

Notes
Turn   | Place    | Note
-------+----------+-------------------------------------------
     0 | D:1      | Malachi the Vine Stalker Monk began the quest for the Orb.
     0 | D:1      | Reached XP level 1. HP: 11/11 MP: 2/2
    83 | D:1      | Reached XP level 2. HP: 7/16 MP: 0/3
   392 | D:1      | Found a faded altar of an unknown god.
   709 | D:1      | Reached XP level 3. HP: 18/20 MP: 4/4
   888 | D:1      | You fall into a shaft and drop 1 floor!
  1053 | D:1      | Reached skill level 3 in Stealth
  1874 | D:2      | Gained mutation: Your natural rate of healing is unusually
                  | fast. [Vine Stalker growth]
  1874 | D:2      | Reached XP level 4. HP: 24/24 MP: 5/5
  1969 | D:2      | Found Humiow's Magic Scroll Shop.
  1979 | D:2      | Identified a scroll of acquirement
  1979 | D:2      | Acquired the +8 longbow "Zephyr" {speed, Dex+3 SInv}
  1980 | D:2      | Found the +8 longbow "Zephyr" {speed, Dex+3 SInv}
  2346 | D:2      | Reached skill level 1 in Short Blades
  2634 | D:3      | Noticed Terence
  2663 | D:3      | Killed Terence
  2664 | D:3      | Reached XP level 5. HP: 9/28 MP: 2/6
  3184 | D:4      | Found an iron altar of Okawaru.
  3213 | D:4      | Found a snail-covered altar of Cheibriados.
  3249 | D:4      | Found a staircase to the Ecumenical Temple.
  3336 | D:1      | Became a worshipper of Nemelex Xobeh the Trickster
  3336 | D:1      | Reached * piety under Nemelex Xobeh
  3336 | D:1      | Received a gift from Nemelex Xobeh
  3336 | D:1      | Reached ** piety under Nemelex Xobeh
  3336 | D:1      | Received a gift from Nemelex Xobeh
  3740 | D:4      | Reached *** piety under Nemelex Xobeh
  3744 | D:4      | Reached skill level 4 in Stealth
  3922 | D:4      | Found a hazy altar of Hepliaklqana.
  3923 | D:4      | Found a shimmering altar of Xom.
  3925 | D:4      | Noticed a spectral ugly thing
  4008 | D:5      | Entered Level 5 of the Dungeon
  4037 | D:5      | Noticed a centaur warrior zombie
  4063 | D:5      | Killed a centaur warrior zombie
  4064 | D:5      | Reached skill level 5 in Stealth
  4064 | D:5      | Reached skill level 1 in Shields
  4064 | D:5      | Reached XP level 6. HP: 33/33 MP: 7/7
  4064 | D:5      | Reached XP level 7. HP: 37/37 MP: 8/8
  4081 | D:5      | Found Dalauxuh's Jewellery Shoppe.
  4086 | D:5      | Found Lemasymp's Distillery.
  4233 | D:5      | Found Nozec's General Store.
  4322 | D:5      | Found a runed translucent door.
  4326 | D:5      | Noticed anet's ghost (weakling GnDe)
  4364 | D:5      | Received a gift from Nemelex Xobeh
  4495 | D:5      | Found Otuonuma's Book Boutique.
  4566 | D:5      | Found Xoproir's Book Shoppe.
  4626 | D:5      | Acquired a +4 quick blade
  4670 | D:5      | Killed anet's ghost
  4749 | D:6      | Reached skill level 1 in Bows
  4759 | D:6      | Gained mutation: You have razor-sharp teeth. [Vine Stalker
                  | growth]
  4759 | D:6      | Reached XP level 8. HP: 42/42 MP: 9/9
  4865 | D:6      | Noticed a boulder beetle
  5024 | D:6      | Reached skill level 6 in Stealth
  5031 | D:6      | Noticed a yak
  5033 | D:6      | Noticed a yak
  5033 | D:6      | Noticed a yak
  5033 | D:6      | Noticed a yak
  5054 | D:6      | Noticed a yak
  5062 | D:6      | Noticed a yak
  5086 | D:6      | Killed a yak
  5168 | D:6      | Killed a yak
  5169 | D:6      | Reached skill level 5 in Fighting
  5184 | D:6      | Noticed a blink frog
  5184 | D:6      | an ice beast changed into a blink frog
  5185 | D:6      | Killed a yak
  5186 | D:6      | Reached skill level 5 in Short Blades
  5186 | D:6      | Reached XP level 9. HP: 42/47 MP: 10/10
  5188 | D:6      | Reached skill level 7 in Stealth
  5285 | D:6      | Noticed Duvessa
  5289 | D:6      | Noticed Dowan
  5302 | D:6      | Killed Duvessa
  5310 | D:6      | Killed Dowan
  5412 | D:6      | Received a gift from Nemelex Xobeh
  5567 | D:6      | Gained mutation: You are clumsy. (Dex -2) [potion of
                  | mutation]
  5567 | D:6      | Gained mutation: You have large cloven feet. [potion of
                  | mutation]
  5601 | D:7      | Reached **** piety under Nemelex Xobeh
  5650 | D:7      | Acquired the amulet of Incredulity {Acrobat Fly rF+ rC-
                  | Dex+4}
  5691 | D:7      | Reached skill level 8 in Stealth
  6359 | D:7      | Reached XP level 10. HP: 48/53 MP: 11/11
  6615 | D:7      | Received a gift from Nemelex Xobeh
  6870 | D:8      | Reached skill level 9 in Stealth
  6931 | D:8      | Reached skill level 5 in Dodging
  7470 | D:8      | Identified the ring of Emitiol {rF+ rC+}
  7556 | D:9      | Noticed an elephant
  7563 | D:9      | Found a staircase to the Lair.
  7580 | D:8      | Killed an elephant
  7769 | D:9      | Received a gift from Nemelex Xobeh
  7833 | D:9      | Cast into level 1 of the Abyss (gnoll sergeant)
  7833 | Abyss:1  | Reached ***** piety under Nemelex Xobeh
  7886 | Abyss:1  | Noticed a sixfirhy
  7890 | Abyss:1  | Noticed a green death
  7896 | Abyss:1  | Noticed an orange demon
  7913 | Abyss:1  | Received a gift from Nemelex Xobeh
  7923 | Abyss:1  | Noticed a lich
  7938 | Abyss:1  | Noticed a phantasmal warrior
  7938 | Abyss:1  | Noticed a sixfirhy
  7958 | Abyss:1  | Noticed a tentacled starspawn
  7967 | Abyss:1  | Noticed a glowing orange brain
  7973 | Abyss:1  | Noticed a smoke demon
  8005 | Abyss:2  | Noticed a dread lich
  8017 | D:9      | Escaped the Abyss
  8045 | D:9      | HP: 2/53 [gnoll (6)]
  8145 | D:9      | Cast into level 1 of the Abyss (gnoll sergeant)
  8154 | Abyss:1  | Found a corrupted altar of Lugonu.
  8195 | Abyss:1  | Noticed a tentacled starspawn
  8215 | Abyss:1  | Noticed a starcursed mass
  8229 | Abyss:1  | Noticed a white very ugly thing
  8256 | Abyss:1  | Noticed a starcursed mass
  8265 | Abyss:1  | Noticed an apocalypse crab
  8283 | Abyss:1  | Noticed a smoke demon
  8306 | Abyss:1  | Received a gift from Nemelex Xobeh
  8310 | Abyss:1  | Noticed a rakshasa
  8341 | Abyss:1  | Noticed a quicksilver ooze
  8357 | Abyss:1  | Noticed a starcursed mass
  8358 | Abyss:1  | Noticed an eidolon
  8358 | Abyss:1  | Noticed a sixfirhy
  8372 | Abyss:1  | Noticed a thrashing horror
  8377 | D:9      | Escaped the Abyss
  8379 | D:9      | Mangled by a small abomination

Illustrated notes

Levels and vault maps discovered:
D:1:      lightli_arrival_lavapool, layout_loops_corners, serial_forest,
          infiniplex_forest_lined_room_3, infiniplex_forest_clump_long,
          infiniplex_forest_lined_2, infiniplex_forest_lined_room_2,
          infiniplex_forest_lined_corner, infiniplex_forest_clump_C,
          infiniplex_forest_pool, dreamdust_ecumenical_altar_statues,
          minmay_circled_x
D:2:      layout_rooms, serial_shops, shop
D:3:      layout_loops_ring, uniq_terence
D:4:      layout_rooms, regret_index_temple_of_mockery,
          mainiacjoe_overflow_catch_the_wave,
          minmay_temple_entry_statues_pillars
D:5:      layout_cave_pools, ebering_ghost_sewer_d, serial_shops,
          kennysheep_little_box, shop, nicolae_shop_behind_doors, shop_statue,
          nicolae_shop_trees, serial_column_ruins, column_ruins_hut_ruined,
          column_ruins_open_small, column_ruins_open_tiny, column_ruins_grid_4,
          column_ruins_columns_straight, column_ruins_grid_3,
          column_ruins_open_small, roderic_serpentine_path,
          hangedman_decor_growths
D:6:      layout_rooms, hangedman_minor_gate_pass, uniq_duvessa
D:7:      layout_basic, grunt_ministairs_13, minmay_strange_pillars,
          minmay_increasing_density
D:8:      layout_rooms, kennysheep_cross_bottleneck, minmay_fractal_squares_5
D:9:      layout_rooms, david_lair_generic, zombieorc2_lemuel

Skill      XL: |  1  2  3  4  5  6  7  8  9 10 |
---------------+-------------------------------+-----
Fighting       | 3 4 5 6 |  6.9
Stealth        | 3 5 6 8 9 |  9.7
Short Blades   | 1 3 5 7 8 |  8.3
Dodging        | 3 4 5 |  5.3
Shields        | 1 |  1.6
Bows           | 2 3 |  3.7
Unarmed Combat | |  3.6

Action                   |  1- 3 |  4- 6 |  7- 9 | 10-12 || total
-------------------------+-------+-------+-------+-------++-------
Melee: Unarmed           |    49 |       |       |       ||    49
       Bite              |    30 |    60 |   120 |    99 ||   309
       Short sword       |    58 |   154 |    16 |       ||   228
       Quick blade       |       |       |   313 |   244 ||   557
       Punch             |       |       |    14 |     1 ||    15
       Kick              |       |       |    41 |   107 ||   148
 Fire: Longbow           |       |       |    36 |       ||    36
Invok: Draw Destruction  |       |       |     3 |       ||     3
       Draw Summoning    |       |       |     2 |     1 ||     3
  Use: Scroll            |       |     3 |    11 |     5 ||    19
       Potion            |       |       |     9 |     1 ||    10
 Stab: Sleeping          |    10 |     9 |     4 |     2 ||    25
       Distracted        |       |     1 |     1 |     1 ||     3
Armor: Robe              |    11 |    18 |    14 |       ||    43
       Steam dragon scal |       |       |     8 |    43 ||    51
Dodge: Dodged            |    61 |    66 |   116 |   155 ||   398
Block: Buckler           |     8 |    23 |     1 |       ||    32
